 Dungeon Crawl Stone Soup version 0.30-a0-585-g93115170b9 (webtiles) character file.

Game seed: 12401165035745532338

98 Neon14 the Covered (level 4, -2/40 HPs)
             Began as a Minotaur Fighter on Jan 3, 2023.
             Slain by an orc wizard
             ... wielding a +0 dagger
              (3 damage)
             ... on level 3 of the Dungeon.
             The game lasted 00:02:57 (1558 turns).

Neon14 the Covered (Minotaur Fighter)               Turns: 1558, Time: 00:02:58

Health: -2/40      AC:  5    Str: 23    XL:     4   Next: 43%
Magic:  3/3        EV: 11    Int:  5    God:
Gold:   147        SH:  4    Dex:  9    Spells: 3/3 levels left

rFire   . . .      SeeInvis .    a - +0 long sword
rCold   . . .      Faith    .    c - +0 buckler
rNeg    . . .      Spirit   .    f - +2 leather armour {Will+}
rPois   .          Reflect  .    (helmet restricted)
rElec   .          Harm     .    (no cloak)
rCorr   .          Rampage  .    (no gloves)
Will    +....                    (no boots)
Stlth   +                        (no amulet)
HPRegen 0.26/turn                (no ring)
MPRegen 0.08/turn                (no ring)

@: mighty
A: horns 2, retaliatory headbutt
a: no special abilities


You were on level 3 of the Dungeon.
You visited 1 branch of the dungeon, and saw 4 of its levels.

You collected 147 gold pieces.

Inventory:

Hand Weapons
 a - a +0 long sword (weapon)
Armour
 b - a +0 scale mail
 c - a +0 buckler (worn)
 f - a +2 leather armour of willpower (worn)
Jewellery
 l - a ring of protection from fire
 m - an amulet of reflection
Scrolls
 e - 2 scrolls of torment {unknown}
 g - a scroll of noise {unknown}
 h - 3 scrolls of identify {unknown}
 i - a scroll of blinking {unknown}
 k - a scroll of vulnerability {unknown}
 n - a scroll of amnesia {unknown}
Potions
 d - a potion of might


   Skills:
 + Level 4.1 Fighting
 + Level 3.8 Long Blades
 + Level 4.4 Armour
 + Level 1.3 Dodging
 - Level 4.1 Shields


You had 3 spell levels left.
You didn't know any spells.
Your spell library contained the following spells:

 Spells                   Type           Power      Damage    Failure   Level
 Summon Small Mammal      Summ           0%         N/A       63%         1
 Call Canine Familiar     Summ           0%         N/A       94%         3
 Summon Guardian Golem    Hex/Summ       0%         N/A       94%         3


Dungeon Overview and Level Annotations

Branches:
Dungeon (4/15)
 Temple: D:4-7

Altars:
Elyvilon
Okawaru
Uskayaw
Vehumet
Xom

Annotations:
D:4 exclusion: statue


Innate Abilities, Weirdness & Mutations

You have a pair of horns on your head.
You reflexively headbutt those who attack you in melee.


Message History

The orc priest is lightly wounded.
The orc priest hits you with a +0 flail.
The orc wizard gestures wildly while chanting.
The orc wizard flickers and vanishes!
Deactivating autopickup; reactivate with Ctrl-A.
The orc hits you with a +0 club. The orc barely misses you. Something hits you.
* * * LOW HITPOINT WARNING * * *
You block the orc priest's attack.
You feel very mighty all of a sudden. The orc priest closely misses you.
Something hits you but does no damage. You block the orc's attack.
You slash the orc priest!
The orc priest is almost dead.
The orc priest casts a cantrip, but nothing happens.
You block something's attack. The orc hits you with a +0 club.
* * * LOW HITPOINT WARNING * * *
You slash the orc priest!
You kill the orc priest!
The orc hits you with a +0 club.
* * * LOW HITPOINT WARNING * * *
Something hits you but does no damage. Something completely misses you.
The orc barely misses you.
Things that are here:
a +0 flail; a +0 hand axe; a +0 ring mail You miss something.
Your headbutt misses something. The orc hits you but does no damage.
Something hits you but does no damage.
You closely miss something. The orc hits you with a +0 club.
* * * LOW HITPOINT WARNING * * *
Something hits you.
* * * LOW HITPOINT WARNING * * *
Something hits you.
* * * LOW HITPOINT WARNING * * *
The orc hits you but does no damage.
It was a potion of magic.
Magic courses through your body. The orc closely misses you.
Something hits you but does no damage.
You slash something! The orc hits you but does no damage.
Something hits you but does no damage.
You miss something. Your headbutt misses something. You block the orc's attack.
Something hits you.
You die...

#### ...# #. ...
.# ###.##.##.##
#...#...#..###
#.....o.......
#....@{.......
#.............
#...#...#.....
#.#.##.##.....
#.#.......>...
###...#.........
#.....##........
#....#######.#+#
#....'.......#.#


You could see an orc.

Vanquished Creatures
  An orc priest (D:3)
  An adder (D:3)
  2 dart slugs
  3 orcs (D:3)
  6 ball pythons
  3 bats
  3 endoplasms
  8 goblins
  8 hobgoblins
  4 jackals (D:1)
  A kobold (D:4)
  A quokka (D:2)
  2 frilled lizards
  3 rats
46 creatures vanquished.

Notes
Turn   | Place    | Note
-------+----------+-------------------------------------------
     0 | D:1      | Neon14 the Minotaur Fighter began the quest for the Orb.
     0 | D:1      | Reached XP level 1. HP: 19/19 MP: 0/0
   171 | D:1      | Reached XP level 2. HP: 19/27 MP: 1/1
   747 | D:2      | Reached XP level 3. HP: 28/33 MP: 2/2
   770 | D:2      | Found a hide-covered altar of Uskayaw.
   830 | D:2      | You fall into a shaft and drop 2 floors!
   911 | D:3      | Found a white marble altar of Elyvilon.
   941 | D:4      | Found a shimmering altar of Xom.
   999 | D:4      | Found a radiant altar of Vehumet.
   999 | D:4      | Noticed a frost-covered statue
  1327 | D:3      | Reached skill level 1 in Dodging
  1537 | D:3      | Found an iron altar of Okawaru.
  1546 | D:3      | Reached XP level 4. HP: 40/40 MP: 3/3
  1555 | D:3      | HP: 1/40 [something (3)]
  1558 | D:3      | Slain by an orc wizard

Illustrated notes

Levels and vault maps discovered:
D:1:      eino_arrival_water_star, layout_basic
D:2:      minmay_chambers_of_twos, layout_rooms, basic_altar, minmay_domino_2
D:3:      layout_basic, nicolae_overflow_hidden_temple, okawaru_gym_becter,
          kennysheep_flooded_box, nrook_mini_backslash, st_stairs_10
D:4:      layout_basic, mainiacjoe_overflow_alcove_4, vehumet_statue,
          serial_bayou_ford_a

Skill      XL: |  1  2  3 |
---------------+----------+-----
Shields        | 4 |  4.1
Armour         | 4 |  4.4
Fighting       | 4 |  4.1
Long Blades    | 3 |  3.8
Dodging        | 1 |  1.3

Action                   |  1- 3 |  4- 6 || total
-------------------------+-------+-------++-------
Melee: Long sword        |   110 |    10 ||   120
       Headbutt          |     8 |       ||     8
  Use: Potion            |       |     2 ||     2
Armor: Leather armour    |    44 |     8 ||    52
       Scale mail        |     1 |       ||     1
Dodge: Dodged            |    59 |     5 ||    64
Block: Buckler           |    24 |     4 ||    28

Table legend: (Time is in decaauts)
 A = Elapsed time spent in this place.
 B = Non-inter-level travel time spent in this place.
 C = Inter-level travel time spent in this place.
 D = Time resting spent in this place.
 E = Time spent auto-exploring this place.
 F = Levels seen in this place.
 G = Mean time per level.
                   A        B        C        D        E       F      G
               +--------+--------+--------+--------+--------+-----+--------+
         Total |   1594 |   1567 |     27 |    405 |    826 |   4 |  398.5 |
       Dungeon |   1594 |   1567 |     27 |    405 |    826 |   4 |  398.5 |
               +--------+--------+--------+--------+--------+-----+--------+

Top non-repeatable levels by time:
     D:1: 636 daAuts
     D:3: 476 daAuts
     D:4: 268 daAuts
     D:2: 213 daAuts
